 Dungeon Crawl Stone Soup version 0.26-a0-597-gb535b0901c (webtiles) character file.

Game seed: 11620004499744355560

5217 Flugslaktarn the Cleaver (level 10, 0/98 HPs)
             Began as a Deep Dwarf Monk on Sept 15, 2020.
             Was a Priest of Makhleb.
             Slain by an orc warrior
             ... wielding a +0 dire flail
              (16 damage)
             ... on level 10 of the Dungeon.
             The game lasted 00:05:39 (7901 turns).

Flugslaktarn the Cleaver (Deep Dwarf Monk)          Turns: 7901, Time: 00:05:40

Health: 0/98       AC: 11    Str: 17    XL:     10   Next: 35%
Magic:  4/4        EV:  4    Int: 12    God:    Makhleb [***...]
Gold:   359        SH: 12    Dex: 15    Spells: 9/9 levels left

rFire    . . .     SeeInvis .   e - +3 hand axe (vamp)
rCold    . . .     Faith    .   y - +0 tower shield
rNeg     . . .     Spirit   .   o - +0 chain mail
rPois    .         Reflect  .   (no helmet)
rElec    .         Harm     .   w - scarf {shadows}
rCorr    .                      (no gloves)
MR       +....                  (no boots)
Stlth    ..........             (no amulet)
HPRegen  0.00/turn              (no ring)
MPRegen  0.09/turn              (no ring)

@: non-regenerating, lightly drained
A: damage resistance, heal wounds, sense surroundings 2, no regeneration
a: Heal Wounds, Minor Destruction, Lesser Servant of Makhleb, Renounce Religion


You were on level 10 of the Dungeon.
You worshipped Makhleb.
Makhleb was most pleased with you.
You visited 2 branches of the dungeon, and saw 11 of its levels.

You collected 639 gold pieces.
You spent 280 gold pieces at shops.

Inventory:

Hand Weapons
 a - a +0 hand axe
 c - a +0 war axe
   (You found it on level 3 of the Dungeon)
 e - a +3 vampiric hand axe (weapon)
   (You found it on level 1 of the Dungeon)
Armour
 n - a +0 cloak
   (You took it off Crazy Yiuf on level 6 of the Dungeon)
 o - a +0 chain mail (worn)
   (You took it off an orc warrior on level 7 of the Dungeon)
 p - a +1 scale mail
   (You found it on level 2 of the Dungeon)
 w - a scarf of shadows (worn)
   (You found it on level 7 of the Dungeon)
 y - a +0 tower shield (worn)
   (You found it on level 8 of the Dungeon)
Jewellery
 D - an uncursed amulet of faith {unknown}
   (You found it on level 9 of the Dungeon)
 G - an uncursed amulet of faith {unknown}
   (You found it on level 9 of the Dungeon)
Wands
 j - a wand of iceblast (16)
   (You found it on level 6 of the Dungeon)
 m - a wand of paralysis (4)
   (You found it on level 4 of the Dungeon)
 s - a wand of digging (6)
   (You found it on level 7 of the Dungeon)
 E - a wand of enslavement (6)
   (You found it on level 9 of the Dungeon)
Scrolls
 b - 2 scrolls of fog
 i - a scroll of brand weapon
 r - 6 scrolls of identify
 t - 6 scrolls of teleportation
 x - 6 scrolls of remove curse
 z - 2 scrolls of blinking
 A - a scroll of magic mapping {unknown}
 B - a scroll of enchant weapon
Potions
 d - a potion of might
 f - a potion of brilliance {unknown}
 g - a potion of mutation {unknown}
 h - 2 potions of haste
 k - a potion of flight {unknown}
 l - 4 potions of lignification
 q - 5 potions of curing
 u - a potion of magic {unknown}
 v - a potion of heal wounds {unknown}
 C - a potion of berserk rage {unknown}
Miscellaneous
 F - a condenser vane (2/2)
   (You bought it in a shop on level 9 of the Dungeon)


   Skills:
 * Level 8.6(8.3) Fighting
 * Level 10.1(9.8) Axes
 + Level 9.2(9.0) Armour
 - Level 3.2(3.0) Dodging
 - Level 2.4(2.2) Stealth
 + Level 2.1(1.9) Shields
 + Level 2.3(2.0) Invocations
 + Level 1.9(1.7) Evocations


You had 9 spell levels left.
You didn't know any spells.
Your spell library was empty.

Dungeon Overview and Level Annotations

Branches:
Dungeon (10/15)            Temple (1/1) D:6            Lair (0/6) D:8
    Orc (0/2) D:10

Altars:
Ashenzari
Cheibriados
Dithmenos
Elyvilon
Fedhas
Gozag
Hepliaklqana
Kikubaaqudgha
Makhleb
Nemelex Xobeh
Okawaru
Qazlal
Ru
Sif Muna
Trog
Uskayaw
Vehumet
Wu Jian
Xom
Yredelemnul
Zin
The Shining One

Shops:
D:9 }   D:10 [(


Innate Abilities, Weirdness & Mutations

You are resistant to damage.
You can heal yourself by infusing magical energy.
You passively map the area around you.
You do not regenerate.


Message History

You closely miss the orc warrior.
The orc warrior is severely wounded.
You block the orc warrior's attack.
You are too injured to fight recklessly!
You hit the orc warrior but do no damage.
The orc warrior is severely wounded.
You are too injured to fight recklessly!
You closely miss the orc warrior.
The orc warrior is severely wounded.
The orc warrior hits you with a +0 dire flail!
* * * LOW HITPOINT WARNING * * *
You are too injured to fight recklessly!
You closely miss the orc warrior.
The orc warrior is severely wounded.
The orc warrior hits you but does no damage.
You are too injured to fight recklessly!
You hit the orc warrior.
You feel better.
The orc warrior is almost dead.
The orc warrior hits you with a +0 dire flail!!
You die...

###...#.#......##
, , **
#........#..# * ,
,, *
##.#####....# , ,
, ### ###..###
#...#).######.* *
, #....)........
, #...))....$...
#.#..#.o...... ,*
* ..###.#.@.∩.>.∩
*, ##.
###........, * #
#...$.... , **
#........ ,
..##.#### , , *
#... .# ,, ### .#
, * , * * ,


You could see an orc warrior.

Vanquished Creatures
  A komodo dragon (D:8)
  A troll (D:10)
  Prince Ribbit (D:8)
  2 yaks (D:8)
  A wraith (D:10)
  A water moccasin (D:8)
  5 ice beasts
  5 orc warriors
  4 sky beasts
  3 ogres
  2 wolves (D:8)
  4 centaurs
  5 bullfrogs
  A wyvern zombie (D:7)
  A water moccasin skeleton (D:8)
  A howler monkey (D:8)
  6 wights
  A crimson imp (D:7)
  A quasit (D:5)
  A bullfrog zombie (D:5)
  6 hounds
  7 orc wizards
  6 orc priests
  2 jellies
  2 iguanas (D:8)
  Crazy Yiuf (D:6)
  6 worker ants
  Terence (D:2)
  A hound zombie (D:6)
  A hound skeleton (D:6)
  4 gnolls
  11 adders
  3 white imps
  4 ufetubi
  An ooze (D:6)
  An adder zombie (D:8)
  2 adder skeletons
  3 worms
  4 dart slugs
  3 leopard geckos
  28 orcs
  A ball python (D:1)
  6 giant cockroaches
  4 goblins
  5 hobgoblins
  9 jackals
  3 quokkas
  7 bats
  4 frilled lizards
  5 kobolds
  A leopard gecko skeleton (D:4)
  A leopard gecko zombie (D:6)
  6 rats
196 creatures vanquished.

Vanquished Creatures (others)
  A fungus (D:7)
  38 plants
39 creatures vanquished.

Grand Total: 235 creatures vanquished

Notes
Turn   | Place    | Note
-------+----------+-------------------------------------------
     0 | D:1      | Flugslaktarn the Deep Dwarf Monk began the quest for the
                  | Orb.
     0 | D:1      | Reached XP level 1. HP: 20/20 MP: 1/1
   322 | D:1      | Reached XP level 2. HP: 21/27 MP: 2/2
   364 | D:1      | Reached skill level 1 in Armour
   467 | D:1      | Reached XP level 3. HP: 28/34 MP: 2/2
   652 | D:2      | Noticed Terence
   675 | D:2      | Killed Terence
   675 | D:2      | Reached skill level 4 in Axes
   675 | D:2      | Reached XP level 4. HP: 28/42 MP: 3/3
   890 | D:2      | Found a white marble altar of Elyvilon.
  1139 | D:3      | Found an opulent altar of Gozag.
  1430 | D:3      | Found an ornate altar of the Wu Jian Council.
  1549 | D:3      | Found an ancient bone altar of Kikubaaqudgha.
  1815 | D:4      | Reached XP level 5. HP: 50/50 MP: 4/4
  2320 | D:4      | Found a bloodstained altar of Trog.
  2395 | D:5      | Entered Level 5 of the Dungeon
  2459 | D:5      | Noticed an ice beast
  2476 | D:5      | Killed an ice beast
  2476 | D:5      | Reached skill level 5 in Axes
  2476 | D:5      | Reached XP level 6. HP: 48/58 MP: 5/5
  2520 | D:5      | Noticed a sky beast
  2533 | D:5      | Killed a sky beast
  2810 | D:5      | Reached XP level 7. HP: 55/66 MP: 6/6
  2937 | D:5      | Reached skill level 5 in Fighting
  2963 | D:5      | Reached skill level 6 in Axes
  3048 | D:5      | Reached skill level 5 in Armour
  3656 | D:6      | Identified the Grimoire of Altruism
  3677 | D:6      | Reached XP level 8. HP: 75/75 MP: 7/7
  3975 | D:6      | Reached skill level 7 in Axes
  3997 | D:6      | Found a glowing golden altar of the Shining One.
  4237 | D:6      | Found a runed translucent door.
  4238 | D:6      | Noticed Crazy Yiuf
  4280 | D:6      | Found a staircase to the Ecumenical Temple.
  4288 | Temple   | Entered the Ecumenical Temple
  4775 | D:6      | Killed Crazy Yiuf
  4863 | D:7      | Found a blossoming altar of Fedhas.
  5254 | D:7      | Reached skill level 8 in Axes
  5268 | D:7      | Found a shattered altar of Ashenzari.
  5467 | D:7      | Gained mutation: You passively map the area around you.
                  | [Deep Dwarf growth]
  5467 | D:7      | Reached XP level 9. HP: 32/85 MP: 7/7
  5674 | D:7      | Found a shimmering altar of Xom.
  5675 | D:7      | Found a burning altar of Makhleb.
  5695 | D:7      | Became a worshipper of Makhleb the Destroyer
  5695 | D:7      | Reached * piety under Makhleb
  5695 | D:7      | Reached ** piety under Makhleb
  5949 | D:8      | Reached skill level 9 in Axes
  6039 | D:8      | Noticed Prince Ribbit
  6072 | D:8      | Killed Prince Ribbit
  6124 | D:8      | Noticed a komodo dragon
  6125 | D:8      | Found a staircase to the Lair.
  6153 | D:8      | Killed a komodo dragon
  6450 | D:8      | Found a basalt altar of Yredelemnul.
  6464 | D:8      | Reached XP level 10. HP: 92/96 MP: 3/3
  6538 | D:8      | Reached skill level 1 in Shields
  6538 | D:8      | Reached skill level 1 in Invocations
  6857 | D:8      | Reached *** piety under Makhleb
  6953 | D:9      | Found Vudutase's Gadget Shop.
  6957 | D:9      | Bought a condenser vane (2/2) for 280 gold pieces
  7714 | D:10     | Entered Level 10 of the Dungeon
  7720 | D:10     | Reached skill level 1 in Evocations
  7770 | D:10     | Reached skill level 10 in Axes
  7816 | D:10     | HP: 2/98 [ogre/+0 giant spiked club (15)]
  7852 | D:10     | Found Fijieh's Armour Shoppe.
  7889 | D:10     | Found a staircase to the Orcish Mines.
  7891 | D:10     | Found Hirrar's Weapon Shoppe.
  7901 | D:10     | Slain by an orc warrior

Illustrated notes

Levels and vault maps discovered:
D:1:      roderic_octagonal_star, layout_basic, minmay_misc_feat_columns
D:2:      layout_rooms, overflow_temple_1_default, minmay_nonomino_d4,
          uniq_terence
D:3:      layout_loops_ring, old_standard_altar, marbit_many_paths,
          kiku_gazebo_pond_becter
D:4:      layout_loops_ring, lightli_temple_of_fire
D:5:      layout_basic
D:6:      layout_basic, lemuel_doored_altar, minmay_temple_entry_fiery,
          uniq_crazy_yiuf_cottage
D:7:      layout_loops_ring, nicolae_ashenzari_panopticon,
          grunt_temple_overflow_champion_of_chaos, fedhas_altar_3
D:8:      layout_loops_corners, old_standard_altar, david_lair_shrubbed,
          serial_ice, serial_ice_k, serial_ice_m, serial_ice_n, serial_ice_f,
          uniq_prince_ribbit1
D:9:      layout_cave_pods, serial_shops, shop
D:10:     layout_layer_cave, orc_david_3
Temple:   minmay_temple_forest_path

Skill      XL: |  1  2  3  4  5  6  7  8  9 10 |
---------------+-------------------------------+-----
Armour         | 1 2 3 4 5 7 9 |  9.2
Fighting       | 3 4 5 6 8 |  8.6
Axes           | 4 5 6 8 9 10 | 10.1
Shields        | 2 |  2.1
Invocations    | 2 |  2.3
Evocations     | 1 |  1.9
Dodging        | |  3.2
Stealth        | |  2.4

Action                   |  1- 3 |  4- 6 |  7- 9 | 10-12 || total
-------------------------+-------+-------+-------+-------++-------
Melee: Hand axe          |    67 |   184 |   627 |   177 ||  1055
 Abil: Heal Wounds       |     1 |     1 |    19 |     2 ||    23
Evoke: Wand              |       |       |     5 |       ||     5
  Use: Scroll            |       |     9 |     6 |       ||    15
 Stab: Sleeping          |     5 |     2 |       |       ||     7
       Paralysed         |       |       |     6 |       ||     6
Armor: Robe              |     7 |    11 |       |       ||    18
       Scale mail        |       |    67 |   132 |       ||   199
       Chain mail        |       |       |   138 |    54 ||   192
Dodge: Dodged            |    55 |   100 |   276 |    18 ||   449
Block: Tower shield      |       |       |    17 |    94 ||   111

Table legend: (Time is in decaauts)
 A = Elapsed time spent in this place.
 B = Non-inter-level travel time spent in this place.
 C = Inter-level travel time spent in this place.
 D = Time resting spent in this place.
 E = Time spent auto-exploring this place.
 F = Levels seen in this place.
 G = Mean time per level.
                   A        B        C        D        E       F      G
               +--------+--------+--------+--------+--------+-----+--------+
         Total |   7889 |   7617 |    272 |      9 |   5890 |  11 |  717.2 |
       Dungeon |   7558 |   7304 |    254 |      9 |   5579 |  10 |  755.8 |
        Temple |    330 |    312 |     18 |      0 |    311 |   1 |  330.0 |
               +--------+--------+--------+--------+--------+-----+--------+

Top non-repeatable levels by time:
     D:5: 1175 daAuts
     D:8: 1141 daAuts
     D:7: 944 daAuts
     D:6: 923 daAuts
     D:9: 760 daAuts
     D:3: 683 daAuts
     D:1: 653 daAuts
     D:4: 628 daAuts
     D:2: 446 daAuts
  Temple: 330 daAuts
    D:10: 200 daAuts
